 Dungeon Crawl Stone Soup version 0.19-a0-1896-g611e798 (webtiles) character file.

12233 Naow the Commander (level 12, -4/93 HPs)
             Began as a Formicid Fighter on Oct 19, 2016.
             Was a High Priest of Okawaru.
             Slain by an ettin
             ... wielding a +0 dire flail
              (26 damage)
             ... on level 2 of the Orcish Mines.
             The game lasted 00:23:43 (11353 turns).

Naow the Commander (Formicid Fighter)              Turns: 11353, Time: 00:23:44

Health: -4/93      AC: 18    Str: 25    XL:     12   Next: 17%
Magic:  15/21      EV:  9    Int:  9    God:    Okawaru [*****.]
Gold:   676        SH: 13    Dex: 10    Spells: 0 memorised, 11 levels left

rFire  + . .     SeeInvis +     z - +1 hand axe (vamp)
rCold  . . .     Gourm    .     x - +1 plate armour
rNeg   . . .     Faith    .     c - +0 shield
rPois  .         Spirit   .     (helmet unavailable)
rElec  .         Reflect  .     d - +0 cloak
rCorr  .         Harm     .     (no gloves)
MR     +....                    (no boots)
Stlth  ..........               (no amulet)
                                R - ring of protection from fire
                                M - ring of stealth

@: heroism, finesse
A: permanent stasis, dig shafts and tunnels, four strong arms, antennae 3
a: Dig, Shaft Self, Heroism, Finesse, Renounce Religion


You were on level 2 of the Orcish Mines.
You worshipped Okawaru.
Okawaru was extremely pleased with you.
You were hungry.

You visited 2 branches of the dungeon, and saw 12 of its levels.
You also visited: Sewer.

You collected 676 gold pieces.

Inventory:

Hand Weapons
 k - a +1 war axe of electrocution
 z - a +1 vampiric hand axe (weapon)
Armour
 c - a +0 shield (worn)
 d - a +0 cloak (worn)
 x - a +1 plate armour (worn)
Jewellery
 r - an uncursed ring of fire
 s - a +2 ring of strength
 M - a ring of stealth (left hand)
 R - a ring of protection from fire (right hand)
Wands
 p - a wand of slowing (35/48)
 H - a wand of lightning (4/15)
 P - a wand of iceblast (6/15)
Scrolls
 e - 3 scrolls of noise
 l - a scroll of fog
 m - 6 scrolls of remove curse
 n - a scroll of enchant armour
 u - 5 scrolls of identify
 v - a scroll of magic mapping
 A - a scroll of random uselessness
 N - a scroll of recharging
 O - a scroll of vulnerability {unknown}
 Q - 2 scrolls of immolation {unknown}
Potions
 q - a potion of cancellation {unknown}
 w - 5 potions of curing
 D - 3 potions of flight {unknown}
 E - 2 potions of might
 G - a potion of agility {unknown}
 J - 2 potions of brilliance {unknown}
 K - 2 potions of mutation {unknown}
 L - 2 potions of haste {unknown}
Books
 b - a book of Frost

   Spells                             Type                      Level
   a - Freeze                         Ice                          1
   b - Throw Frost                    Conjuration/Ice              2
   c - Ozocubu's Armour               Charms/Ice                   3
   d - Throw Icicle                   Conjuration/Ice              4
   e - Summon Ice Beast               Ice/Summoning                4
 h - a book of Callings

   Spells                             Type                      Level
   a - Summon Small Mammal            Summoning                    1
   b - Call Imp                       Summoning                    2
   c - Call Canine Familiar           Summoning                    3
   d - Summon Guardian Golem          Hexes/Summoning              3
   e - Summon Lightning Spire         Summoning/Air                4
   f - Summon Ice Beast               Ice/Summoning                4
 j - a book of Minor Magic

   Spells                             Type                      Level
   a - Magic Dart                     Conjuration                  1
   b - Blink                          Translocation                2
   c - Call Imp                       Summoning                    2
   d - Repel Missiles                 Charms/Air                   2
   e - Slow                           Hexes                        2
   f - Conjure Flame                  Conjuration/Fire             3
   g - Mephitic Cloud                 Conjuration/Poison/Air       3
 t - a book of Changes

   Spells                             Type                      Level
   a - Beastly Appendage              Transmutation                1
   b - Sticks to Snakes               Transmutation                2
   c - Spider Form                    Transmutation/Poison         3
   d - Ice Form                       Ice/Transmutation            4
   e - Blade Hands                    Transmutation                5
 y - a book of Clouds

   Spells                             Type                      Level
   a - Mephitic Cloud                 Conjuration/Poison/Air       3
   b - Conjure Flame                  Conjuration/Fire             3
   c - Poisonous Cloud                Conjuration/Poison/Air       6
   d - Freezing Cloud                 Conjuration/Ice/Air          6
   e - Ring of Flames                 Charms/Fire                  7
 B - a book of Enchantments

   Spells                             Type                      Level
   a - Cause Fear                     Hexes                        4
   b - Yara's Violent Unravelling     Hexes/Transmutation          5
   c - Silence                        Hexes/Air                    5
   d - Deflect Missiles               Charms/Air                   6
   e - Discord                        Hexes                        8
Comestibles
 a - 14 chunks of flesh
 f - 8 bread rations
 g - 4 meat rations
 i - 9 fruits
 C - a beef jerky
 I - 2 slices of pizza


   Skills:
 + Level 8.2(13.2) Fighting
 * Level 9.5(14.5) Axes
 + Level 8.2(13.2) Armour
 + Level 8.8(13.8) Shields
 - Level 13.0 Invocations


You had 11 spell levels left.
You didn't know any spells.

Dungeon Overview and Level Annotations

Branches:
Dungeon (10/15)            Temple (0/1) D:7            Lair (0/6) D:9
    Orc (2/2) D:10            Elf (0/3) Orc:2

Altars:
Ashenzari
Dithmenos
Elyvilon
Fedhas
Gozag
Kikubaaqudgha
Makhleb
Okawaru
Trog
Uskayaw
Xom
Yredelemnul
Beogh
Jiyva

Shops:
D:9 [   Orc:2 *

Portals:
Labyrinth: Orc:2

Annotations:
D:8 exclusion: door


Innate Abilities, Weirdness & Mutations

You are under a permanent stasis effect.
You can dig through walls and to a lower floor.
Your four strong arms can wield two-handed weapons with a shield.
You have a pair of large antennae on your head. (SInv)


Message History

An orc wizard comes into view. It is wielding a dagger of venom.
The orc wizard shouts!
You hit the ettin but do no damage.
The ettin is lightly wounded.
You hit the ettin but do no damage.
The ettin is lightly wounded.
The ettin hits you with a dire flail!! The ettin barely misses you.
You hit the ettin but do no damage.
The ettin is lightly wounded.
There is an entrance to Ozecir's Assorted Antiques here.
You hit the ettin but do no damage.
The ettin is lightly wounded.
You block the ettin's attack. The ettin hits you with a dire flail!!
* * * LOW HITPOINT WARNING * * *
Okay, then.
You can now deal lightning-fast blows.
The orc wizard casts a spell.
The orc wizard flickers and vanishes for a moment.
The ettin hits you with a dire flail!!
You die...

......... #........
..<...oo##
.........##
..........##
##.........o...##
.................##
....... #C#....##
....... +@'.....##
.#$# .......#
###+#......# . ....
.......###.........##
. ....
........#.........##
##.#....
#..............##
##.#.....
#..........#####
#.......$ ..
#...........#
###.#..... ...
#..#........#
###......... ...#
####......###
##.##......_.


You could see an ettin, an orc wizard (invisible) and 2 orcs.

Vanquished Creatures
  Erica (D:8)
  An orc high priest (Orc:1)
  A hill giant (D:10)
  The ghost of Minion the Covert, a novice OpAs of Dithmenos (D:8)
  A centaur zombie (D:10)
  A hornet (D:9)
  A troll (Orc:2)
  A two-headed ogre (D:8)
  Prince Ribbit (D:6)
  A hippogriff (D:9)
  21 yaks
  A wyvern (D:10)
  A fire bat (D:8)
  A warg (Orc:1)
  2 phantoms
  13 orc warriors
  4 ice beasts
  A black bear (D:6)
  8 ogres
  3 centaurs (D:10)
  3 big kobolds
  6 bullfrogs
  A scorpion (D:7)
  A killer bee (D:9)
  A howler monkey (D:5)
  3 crimson imps
  A quasit (D:9)
  A bullfrog zombie (D:10)
  8 jellies
  Crazy Yiuf (D:2)
  A gnoll shaman (D:9)
  A hound (D:4)
  6 orc wizards
  A centaur skeleton (D:9)
  9 orc priests
  2 bullfrog skeletons
  4 iguanas
  4 worker ants
  2 killer bee zombies (D:9)
  A hound skeleton (D:7)
  2 worker ant zombies
  12 gnolls
  A howler monkey skeleton (D:6)
  12 adders
  8 river rats
  2 shadow imps
  An adder skeleton (D:5)
  7 worms
  4 leopard geckos
  61 orcs
  7 giant cockroaches
  6 hobgoblins
  10 jackals
  A quokka (D:3)
  7 ball pythons (Sewer)
  13 bats
  6 frilled lizards
  3 goblins
  A jackal zombie (D:5)
  24 kobolds
  39 rats
  5 fungi (D:2)
354 creatures vanquished.

Vanquished Creatures (others)
  A gnoll (D:5)
  3 fungi (D:9)
  A plant (D:9)
5 creatures vanquished.

Grand Total: 359 creatures vanquished

Notes
Turn   | Place    | Note
-------+----------+-------------------------------------------
     0 | D:1      | Naow the Formicid Fighter began the quest for the Orb.
     0 | D:1      | Reached XP level 1. HP: 18/18 MP: 1/1
   707 | D:1      | Reached XP level 2. HP: 23/24 MP: 2/2
  1125 | D:2      | Reached XP level 3. HP: 29/29 MP: 3/3
  1300 | D:2      | Found a shattered altar of Ashenzari.
  1377 | D:2      | Reached XP level 4. HP: 22/37 MP: 4/4
  2136 | D:2      | Found a runed door.
  2140 | D:2      | Noticed Crazy Yiuf
  2154 | D:2      | Killed Crazy Yiuf
  2238 | D:3      | Reached XP level 5. HP: 41/42 MP: 5/5
  2373 | D:3      | Found a shadowy altar of Dithmenos.
  2618 | D:3      | Noticed a moth of wrath
  2627 | D:3      | Found a bloodstained altar of Trog.
  3069 | D:4      | Found a hide-covered altar of Uskayaw.
  3069 | D:4      | Noticed a dagger
  3069 | D:4      | Noticed a hand axe
  3069 | D:4      | Noticed an ogre
  3112 | D:4      | Killed an ogre
  3112 | D:4      | Reached XP level 6. HP: 49/49 MP: 6/6
  3345 | D:4      | Found a white marble altar of Elyvilon.
  3499 | D:4      | Noticed an ogre
  3510 | D:4      | Killed an ogre
  3510 | D:4      | Reached skill level 5 in Shields
  3510 | D:4      | Reached XP level 7. HP: 17/55 MP: 7/7
  3831 | D:4      | Found a basalt altar of Yredelemnul.
  3988 | D:5      | Entered Level 5 of the Dungeon
  3988 | D:5      | Found a glowing drain.
  4035 | Sewer    | Entered a sewer
  4367 | Sewer    | Reached skill level 5 in Axes
  4367 | Sewer    | Reached skill level 5 in Armour
  4453 | Sewer    | Reached skill level 5 in Fighting
  4834 | D:5      | Reached XP level 8. HP: 13/62 MP: 8/8
  5038 | D:5      | Found a bloodstained altar of Trog.
  5042 | D:5      | Found an iron altar of Okawaru.
  5097 | D:5      | Became a worshipper of Warmaster Okawaru
  5291 | D:5      | HP: 1/63 [ogre/giant club (10)]
  5579 | D:5      | Found a blossoming altar of Fedhas.
  6361 | D:6      | Reached skill level 2 in Invocations
  6361 | D:6      | Reached XP level 9. HP: 67/69 MP: 8/10
  6673 | D:6      | Noticed Prince Ribbit
  6697 | D:6      | Found a burning altar of Makhleb.
  6702 | D:6      | Killed Prince Ribbit
  6702 | D:6      | Reached * piety under Okawaru
  6702 | D:6      | Reached skill level 4 in Invocations
  6722 | D:6      | Reached skill level 5 in Invocations
  6916 | D:7      | Found a shimmering altar of Xom.
  6917 | D:7      | Found an ancient bone altar of Kikubaaqudgha.
  6940 | D:7      | Found a staircase to the Ecumenical Temple.
  7153 | D:7      | Reached skill level 6 in Invocations
  7271 | D:8      | Noticed Minion's ghost (novice OpAs)
  7513 | D:8      | Killed Minion's ghost
  7513 | D:8      | Reached ** piety under Okawaru
  7513 | D:8      | Reached skill level 8 in Invocations
  7611 | D:8      | Reached skill level 9 in Invocations
  7644 | D:8      | Reached XP level 10. HP: 68/76 MP: 15/17
  7753 | D:8      | Reached skill level 10 in Invocations
  7770 | D:8      | Noticed Erica
  7804 | D:8      | Killed Erica
  7804 | D:8      | Reached skill level 11 in Invocations
  8199 | D:9      | Found Deosagg's Armour Shoppe.
  8261 | D:9      | Found a viscous altar of Jiyva.
  8341 | D:9      | Reached skill level 12 in Invocations
  8393 | D:9      | Reached *** piety under Okawaru
  8471 | D:9      | Reached skill level 13 in Invocations
  8611 | D:9      | Found an opulent altar of Gozag.
  8775 | D:9      | Found a staircase to the Lair.
  8956 | D:9      | Reached XP level 11. HP: 81/81 MP: 18/20
  9324 | D:10     | Entered Level 10 of the Dungeon
  9348 | D:10     | Noticed a hill giant
  9369 | D:10     | Killed a hill giant
  9369 | D:10     | Reached **** piety under Okawaru
  9417 | D:10     | HP: 2/83 [ice beast (12)]
  9756 | D:10     | Reached ***** piety under Okawaru
 10222 | D:10     | Found a roughly hewn altar of Beogh.
 10222 | D:10     | Found a staircase to the Orcish Mines.
 10533 | Orc:1    | Entered Level 1 of the Orcish Mines
 10584 | Orc:1    | Reached XP level 12. HP: 74/92 MP: 21/21
 10608 | Orc:1    | Received a gift from Okawaru
 10848 | Orc:2    | Entered Level 2 of the Orcish Mines
 10848 | Orc:2    | Found a staircase to the Elven Halls.
 10848 | Orc:2    | Noticed an orc high priest
 11201 | Orc:1    | Killed an orc high priest
 11252 | Orc:2    | Found a roughly hewn altar of Beogh.
 11316 | Orc:2    | Found a labyrinth entrance.
 11340 | Orc:2    | Found Ozecir's Assorted Antiques.
 11343 | Orc:2    | Noticed an ettin
 11353 | Orc:2    | Slain by an ettin

Vault maps used:
D:1:      minmay_arrival_widening_spiral_wide, serial_bayou_lagoon_a,
          minmay_misc_feat_x
D:2:      minivault_5, ashenzari_altar_1, uniq_crazy_yiuf_cottage
D:3:      nicolae_dithmenos_shadow_blocks, minmay_misc_feat_ornament, tgw_trog
D:4:      kennysheep_ying_yang, dancing_weapons_uskayaw, first_bread
D:5:      grunt_temple_overflow_bloody_war, fedhas_altar_2,
          portal_sewer_entry_f, lemuel_flamethrower_1
D:6:      kennysheep_mini_moat, minmay_misc_feat_cross, uniq_prince_ribbit1
D:7:      chequers_temple_overflow_statue_of_worship
D:8:      david_nohive_1, hangedman_incinerator, uniq_erica
D:9:      nicolae_gozag_cash_rules_everything_around_me,
          grunt_lair_entry_orc_guard_hut, serial_shops, kennysheep_mini,
          jiyva_altar_1
D:10:     david_orc_5
Orc:1:    serial_shops, nicolae_shop_waterfront, kennysheep_orc_chapel
Orc:2:    grunt_orc_tribal_feast, serial_shops, nicolae_shop_behind_doors,
          nicolae_shop_statue_plus, shop, lab_entry_generic, mines2_david
Sewer:    sewer_minmay_treatment

Skill      XL: |  1  2  3  4  5  6  7  8  9 10 11 12 |
---------------+-------------------------------------+-----
Axes           | 3 4 5 6 9 |  9.5
Fighting       | 4 5 6 8 |  8.2
Shields        | 4 5 6 8 |  8.8
Armour         | 4 5 6 7 8 |  8.2
Invocations    | 2 9 13 | 13.0

Action                   |  1- 3 |  4- 6 |  7- 9 | 10-12 || total
-------------------------+-------+-------+-------+-------++-------
Melee: War axe           |    99 |   163 |       |       ||   262
       Hand axe          |       |     9 |   638 |   911 ||  1558
Invok: Heroism           |       |       |     3 |    22 ||    25
       Finesse           |       |       |       |     3 ||     3
 Abil: Dig               |       |       |     1 |     1 ||     2
  Use: Potion            |     1 |     2 |     4 |     4 ||    11
       Scroll            |       |       |    14 |       ||    14
  Eat: Chunk             |     1 |     7 |    14 |    13 ||    35
       Bread ration      |       |     1 |       |       ||     1
       Fruit             |       |     1 |       |       ||     1
Armor: Scale mail        |    40 |    48 |       |       ||    88
       Plate armour      |       |       |   306 |   285 ||   591
Dodge: Dodged            |    36 |    31 |   130 |   181 ||   378
Block: Shield            |    68 |    77 |   323 |   499 ||   967
